 Dungeon Crawl Stone Soup version 0.27.1-1-g398f81649c (webtiles) character file.

Game seed: 17966633432004774959

7695 MisterFreud the Blocker (level 11, -7/89 HPs)
             Began as a Gnoll Fighter on Sept 17, 2021.
             Was a High Priest of Qazlal.
             Mangled by a shadow (28 damage)
             ... on level 9 of the Dungeon.
             The game lasted 00:14:31 (8695 turns).

MisterFreud the Blocker (Gnoll Fighter)             Turns: 8695, Time: 00:14:31

Health: -7/89      AC: 22    Str: 16    XL:     11   Next: 19%
Magic:  20/20      EV: 10    Int: 11    God:    Qazlal [*****.]
Gold:   453        SH: 17    Dex: 11    Spells: 22/22 levels left

rFire    . . .     SeeInvis .   D - +3 dagger (venom)
rCold    . . .     Faith    .   c - +0 kite shield
rNeg     . . .     Spirit   .   b - +0 scale mail
rPois    .         Reflect  .   I - +0 helmet
rElec    .         Harm     .   q - +0 cloak
rCorr    .         Rampage  .   M - +0 pair of gloves
Will     .....                  s - +0 pair of boots
Stlth    +.........             l - amulet of the acrobat
HPRegen  0.24/turn              t - +4 ring of protection
MPRegen  0.17/turn              r - +4 ring of protection

@: repel missiles
A: fangs 1, strong nose, distributed training
a: Renounce Religion, Upheaval, Elemental Force, Disaster Area


You were on level 9 of the Dungeon.
You worshipped Qazlal.
Qazlal was extremely pleased with you.
You visited 1 branch of the dungeon, and saw 9 of its levels.

You collected 494 gold pieces.
You spent 41 gold pieces at shops.

Inventory:

Hand Weapons
 a - a +0 rapier
 h - a +2 dagger of draining
 v - the +8 war axe "Jauzetio" {spect, +Blink rF- SInv}
   (You found it on level 4 of the Dungeon)

   When its wielder attacks, the weapon's spirit leaps out and strikes again.
   The spirit shares a part of any damage it takes with its wielder.
   rF:        It makes you vulnerable to fire.
   SInv:      It lets you see invisible.
   +Blink:    It lets you blink.
 C - a +2 trident of venom
 D - a +3 dagger of venom (weapon)
Missiles
 o - 8 boomerangs (quivered)
 F - 6 javelins
 N - 42 poisoned darts
 Q - a curare-tipped dart
 U - 4 silver boomerangs
Armour
 b - a +0 scale mail (worn)
 c - a +0 kite shield (worn)
 q - a +0 cloak (worn)
 s - a +0 pair of boots (worn)
 G - a scarf of invisibility
 I - a +0 helmet (worn)
 M - a +0 pair of gloves (worn)
Jewellery
 l - an amulet of the acrobat (around neck)
 p - a +4 ring of evasion
 r - a +4 ring of protection (right hand)
 t - a +4 ring of protection (left hand)
 w - an amulet of guardian spirit
 B - an amulet of faith
 R - a ring of willpower
Wands
 S - a wand of flame (15)
Scrolls
 f - 5 scrolls of noise
 g - a scroll of summoning {unknown}
 j - 4 scrolls of amnesia {unknown}
 m - 7 scrolls of identify {unknown}
 u - 3 scrolls of magic mapping {unknown}
 y - 3 scrolls of fear
 A - 2 scrolls of immolation
 K - a scroll of blinking {unknown}
 O - a scroll of silence {unknown}
 P - a scroll of fog {unknown}
 T - a scroll of teleportation {unknown}
Potions
 d - 2 potions of might
 e - 3 potions of heal wounds {unknown}
 i - 3 potions of lignification {unknown}
 k - 2 potions of haste {unknown}
 n - 4 potions of flight {unknown}
 x - 5 potions of brilliance {unknown}
 z - a potion of attraction {unknown}
 E - 2 potions of cancellation {unknown}
 H - a potion of ambrosia {unknown}
 J - 3 potions of magic {unknown}
 L - a potion of resistance {unknown}


   Skills:
 + Level 9.0 Fighting
 + Level 7.7 Short Blades
 + Level 6.0 Long Blades
 + Level 6.0 Axes
 + Level 6.0 Maces & Flails
 + Level 6.0 Polearms
 + Level 6.0 Staves
 + Level 6.0 Slings
 + Level 6.0 Bows
 + Level 6.0 Crossbows
 + Level 6.0 Throwing
 + Level 9.0 Armour
 + Level 6.0 Dodging
 + Level 6.0 Stealth
 + Level 9.0 Shields
 + Level 6.0 Unarmed Combat
 + Level 6.0 Spellcasting
 + Level 5.0 Conjurations
 + Level 5.0 Hexes
 + Level 5.0 Summonings
 + Level 5.0 Necromancy
 + Level 5.0 Translocations
 + Level 5.0 Transmutations
 + Level 5.0 Fire Magic
 + Level 5.0 Ice Magic
 + Level 5.0 Air Magic
 + Level 5.0 Earth Magic
 + Level 5.0 Poison Magic
 + Level 6.6 Invocations
 + Level 6.0 Evocations


You had 22 spell levels left.
You didn't know any spells.
Your spell library contained the following spells:

 Spells                   Type           Power      Damage    Failure   Level
 Foxfire                  Conj/Fire      56%        2x1d6     16%         1
 Shock                    Conj/Air       56%        1d6       16%         1
 Sting                    Tmut/Pois      56%        1d5       16%         1
 Blink                    Tloc           N/A        N/A       24%         2
 Poisonous Vapours        Pois/Air       28%        N/A       24%         2
 Conjure Flame            Conj/Fire      14%        6-21      43%         3
 Gell's Gravitas          Tloc           7%         N/A       43%         3
 Inner Flame              Hex/Fire       14%        N/A       43%         3
 Lesser Beckoning         Tloc           7%         N/A       43%         3
 Swiftness                Air            14%        N/A       43%         3
 Teleport Other           Tloc           14%        N/A       43%         3
 Airstrike                Air            7%         N/A       83%         4
 Olgreb's Toxic Radiance  Pois           14%        N/A       83%         4
 Manifold Assault         Tloc           14%        N/A       99%         5
 Borgnjor's Revivificati  Necr           7%         N/A       100%        8


Dungeon Overview and Level Annotations

Branches:
Dungeon (9/15)             Temple (0/1) D:5
   Lair: D:8-11         Orc: D:9-12

Altars:
Elyvilon
Fedhas
Kikubaaqudgha
Qazlal
Uskayaw
Xom
Yredelemnul
The Shining One
Beogh

Shops:
D:1 ?   D:4 *

Annotations:
D:8 3 runed translucent doors, Silentstumbler's ghost, novice TrHu
D:9 1 runed translucent door, YannSP's ghost, novice HOFi


Innate Abilities, Weirdness & Mutations

You have very sharp teeth.
Your uncanny sense of smell can sniff out nearby items.
Your experience applies equally to all skills.


Message History

You hit the shadow but do no damage.
The shadow is moderately damaged.
You hit the shadow.
The shadow is moderately damaged.
You block the shadow's attack.
You barely miss the shadow.
The shadow is moderately damaged.
The shadow hits you.
You closely miss the shadow.
The shadow is moderately damaged.
You closely miss the shadow.
The shadow is moderately damaged.
You block the shadow's attack.
You closely miss the shadow.
The shadow is moderately damaged.
The shadow slips into darkness.
The shadow flickers and vanishes!
Deactivating autopickup; reactivate with Ctrl-A.
You barely miss something.
The shadow strikes at you from the darkness!
* * * LOW HITPOINT WARNING * * *
Reactivating autopickup.
You hit the shadow but do no damage.
The shadow is moderately damaged.
You closely miss the shadow. You bite the shadow, but do no damage.
The shadow is moderately damaged.
You block the shadow's attack.
You hit the shadow. Your bite misses the shadow.
The shadow is moderately damaged.
The shadow hits you.
* * * LOW HITPOINT WARNING * * *
The shadow slips into darkness.
The shadow flickers and vanishes!
Deactivating autopickup; reactivate with Ctrl-A.
As you read the scroll labelled CIRUHE ZUPT, it crumbles to dust.
You hear a loud clanging noise!
It was a scroll of noise.
You hear a shout! x4
The shadow strikes at you from the darkness!
You die...

#....... #..##...
#..##..# ##########
#..##... #........#
#..##... #.....##.#
#..##.## #...§.##.#
#.....# #..#..##.#
#.....#
#.☼@.....####.....#
#§○{○####.....###.#
#....# #.##..###.#
#.##.# #.........#
#....# #.........#
+....# #.........#
#.#..# #####..##.#
#....# #.....#
#....# #.....#


There were no monsters in sight!

Vanquished Creatures
  2 two-headed ogres
  Pikel (D:5)
  Maggie (D:6)
  Grinder (D:3)
  Sigmund (D:3)
  14 yaks
  Eustachio (D:5)
  3 water moccasins
  3 orc warriors
  2 ice beasts (D:7)
  A black bear (D:7)
  A necrophage (D:5)
  3 ogres
  A centaur (D:7)
  4 lemures (D:5)
  2 phantoms (D:6)
  A kobold brigand (D:8)
  2 scorpions (D:5)
  A water moccasin zombie (D:5)
  A wyvern skeleton (D:6)
  5 killer bees (D:9)
  5 howler monkeys
  A jelly (D:6)
  2 bullfrog zombies (D:6)
  4 centaur zombies
  2 hounds
  3 orc priests
  Crazy Yiuf (D:2)
  2 bullfrog skeletons
  A centaur skeleton (D:7)
  4 iguanas
  Natasha (twice) (D:2)
  5 orc wizards
  A killer bee zombie (D:8)
  7 gnolls
  6 adders
  2 white imps
  An ufetubus (D:7)
  An adder skeleton (D:5)
  6 worms
  5 dart slugs
  37 orcs
  9 endoplasms
  12 giant cockroaches
  8 goblins
  4 hobgoblins
  6 jackals (D:1)
  7 quokkas
  6 ball pythons
  6 bats
  4 frilled lizards (D:2)
  14 kobolds
  4 rats
229 creatures vanquished.

Vanquished Creatures (others)
  2 fungi (D:9)
  6 plants (D:9)
8 creatures vanquished.

Grand Total: 237 creatures vanquished

Notes
Turn   | Place    | Note
-------+----------+-------------------------------------------
     0 | D:1      | MisterFreud the Gnoll Fighter began the quest for the Orb.
     0 | D:1      | Reached XP level 1. HP: 23/23 MP: 1/1
    73 | D:1      | Reached XP level 2. HP: 29/29 MP: 2/2
    86 | D:1      | Found Muuduoc's Magic Scroll Shop.
   404 | D:1      | Reached XP level 3. HP: 35/35 MP: 3/3
   807 | D:1      | Found a faded altar of an unknown god.
   920 | D:1      | Became a worshipper of Qazlal Stormbringer
   920 | D:1      | Reached * piety under Qazlal
   967 | D:2      | Reached skill level 1 in Invocations
  1313 | D:2      | Reached skill level 1 in Long Blades
  1313 | D:2      | Reached skill level 1 in Axes
  1313 | D:2      | Reached skill level 1 in Maces & Flails
  1313 | D:2      | Reached skill level 1 in Polearms
  1313 | D:2      | Reached skill level 1 in Staves
  1313 | D:2      | Reached skill level 1 in Slings
  1313 | D:2      | Reached skill level 1 in Bows
  1313 | D:2      | Reached skill level 1 in Crossbows
  1313 | D:2      | Reached skill level 1 in Throwing
  1313 | D:2      | Reached skill level 1 in Dodging
  1313 | D:2      | Reached skill level 1 in Stealth
  1313 | D:2      | Reached skill level 1 in Unarmed Combat
  1313 | D:2      | Reached skill level 1 in Spellcasting
  1313 | D:2      | Reached skill level 1 in Evocations
  1494 | D:2      | Reached XP level 4. HP: 37/39 MP: 5/5
  1654 | D:2      | Noticed Natasha
  1661 | D:2      | Killed Natasha
  1662 | D:2      | Reached skill level 1 in Conjurations
  1662 | D:2      | Reached skill level 1 in Hexes
  1662 | D:2      | Reached skill level 1 in Summonings
  1662 | D:2      | Reached skill level 1 in Necromancy
  1662 | D:2      | Reached skill level 1 in Translocations
  1662 | D:2      | Reached skill level 1 in Transmutations
  1662 | D:2      | Reached skill level 1 in Fire Magic
  1662 | D:2      | Reached skill level 1 in Ice Magic
  1662 | D:2      | Reached skill level 1 in Air Magic
  1662 | D:2      | Reached skill level 1 in Earth Magic
  1662 | D:2      | Reached skill level 1 in Poison Magic
  1726 | D:2      | Noticed Natasha
  1742 | D:2      | Killed Natasha
  1743 | D:2      | Reached XP level 5. HP: 34/47 MP: 6/6
  1990 | D:2      | Found a runed translucent door.
  1991 | D:2      | Noticed Crazy Yiuf
  2001 | D:2      | Killed Crazy Yiuf
  2001 | D:2      | Reached ** piety under Qazlal
  2267 | D:3      | Noticed Grinder
  2270 | D:3      | Noticed Sigmund
  2301 | D:3      | Killed Sigmund
  2302 | D:3      | Reached skill level 5 in Short Blades
  2302 | D:3      | Reached XP level 6. HP: 37/53 MP: 7/9
  2303 | D:3      | Paralysed by Grinder for 6 turns
  2338 | D:3      | Paralysed by Grinder for 2 turns
  2483 | D:4      | Identified the +8 war axe "Jauzetio" {spect, +Blink rF-
                  | SInv}
  2787 | D:4      | Found Vuesaqiu's CLEARANCE SALE! EVERYTHING MUST GO!.
  2795 | D:4      | Bought 3 scrolls of fear for 31 gold pieces
  2795 | D:4      | Bought a scroll of immolation for 10 gold pieces
  2923 | D:4      | Reached XP level 7. HP: 59/59 MP: 10/10
  3188 | D:3      | Reached *** piety under Qazlal
  3223 | D:3      | Killed Grinder
  3434 | D:5      | Entered Level 5 of the Dungeon
  3938 | D:5      | Reached XP level 8. HP: 54/67 MP: 12/12
  4036 | D:5      | Found a staircase to the Ecumenical Temple.
  4699 | D:6      | Noticed Pikel
  4720 | D:6      | Reached **** piety under Qazlal
  4743 | D:6      | Noticed Maggie
  4754 | D:6      | Noticed Eustachio
  4756 | D:6      | Killed Maggie
  4760 | D:6      | Reached XP level 9. HP: 46/72 MP: 14/14
  4941 | D:5      | Killed Eustachio
  4969 | D:5      | Killed Pikel
  5082 | D:6      | Reached skill level 5 in Invocations
  5327 | D:6      | Found an ancient bone altar of Kikubaaqudgha.
  5416 | D:6      | Found a basalt altar of Yredelemnul.
  5869 | D:7      | Found a white marble altar of Elyvilon.
  5873 | D:7      | Found a hide-covered altar of Uskayaw.
  5874 | D:7      | Found a blossoming altar of Fedhas.
  5900 | D:7      | Reached XP level 10. HP: 52/80 MP: 17/17
  6357 | D:7      | Reached skill level 5 in Long Blades
  6357 | D:7      | Reached skill level 5 in Axes
  6357 | D:7      | Reached skill level 5 in Maces & Flails
  6357 | D:7      | Reached skill level 5 in Polearms
  6357 | D:7      | Reached skill level 5 in Staves
  6357 | D:7      | Reached skill level 5 in Slings
  6357 | D:7      | Reached skill level 5 in Bows
  6357 | D:7      | Reached skill level 5 in Crossbows
  6357 | D:7      | Reached skill level 5 in Throwing
  6357 | D:7      | Reached skill level 5 in Dodging
  6357 | D:7      | Reached skill level 5 in Stealth
  6357 | D:7      | Reached skill level 5 in Unarmed Combat
  6357 | D:7      | Reached skill level 5 in Spellcasting
  6357 | D:7      | Reached skill level 5 in Evocations
  6368 | D:7      | Found a stormy altar of Qazlal.
  6391 | D:7      | Got the Disquisition on Blistering Evil
  6463 | D:7      | Found a glowing golden altar of the Shining One.
  6630 | D:8      | Reached ***** piety under Qazlal
  6953 | D:8      | Found a shimmering altar of Xom.
  7056 | D:8      | Noticed a two-headed ogre
  7329 | D:8      | Killed a two-headed ogre
  7607 | D:8      | Reached XP level 11. HP: 87/87 MP: 19/19
  7761 | D:8      | Identified the +1 chain mail of Subjectivity {rElec Str+5
                  | Dex-5 Slay+2}
  7888 | D:8      | Noticed Silentstumbler's ghost (novice TrHu)
  7890 | D:8      | Found a runed translucent gate.
  7898 | D:8      | Found a runed translucent gate.
  7898 | D:8      | Found a runed translucent gate.
  7988 | D:9      | Noticed a two-headed ogre
  8004 | D:9      | Killed a two-headed ogre
  8005 | D:9      | Reached skill level 5 in Conjurations
  8005 | D:9      | Reached skill level 5 in Hexes
  8005 | D:9      | Reached skill level 5 in Summonings
  8005 | D:9      | Reached skill level 5 in Necromancy
  8005 | D:9      | Reached skill level 5 in Translocations
  8005 | D:9      | Reached skill level 5 in Transmutations
  8005 | D:9      | Reached skill level 5 in Fire Magic
  8005 | D:9      | Reached skill level 5 in Ice Magic
  8005 | D:9      | Reached skill level 5 in Air Magic
  8005 | D:9      | Reached skill level 5 in Earth Magic
  8005 | D:9      | Reached skill level 5 in Poison Magic
  8496 | D:9      | Found a runed translucent door.
  8497 | D:9      | Identified the +9 spear "Imeuge" {flame, Int+4 SInv}
  8519 | D:9      | Noticed YannSP's ghost (novice HOFi)
  8695 | D:9      | Mangled by a shadow

Illustrated notes

Levels and vault maps discovered:
D:1:      dpeg_arrival_brainrot, layout_basic, serial_shops, shop_scrolls,
          hellmonk_ecumenical_altar_heavens_door, chequers_serial_rivers_micro_e
D:2:      layout_rooms, serial_rivers, chequers_serial_rivers_micro_b,
          chequers_serial_rivers_micro_d, chequers_serial_rivers_micro_b,
          chequers_serial_rivers_large_b, chequers_serial_rivers_room_a,
          chequers_serial_rivers_large_a, grunt_ministairs_1,
          kennysheep_decorative_pillar, kennysheep_generic_room_2,
          uniq_crazy_yiuf_cottage, uniq_natasha
D:3:      layout_rooms, gup_sewer_entry_pipe, wad_floor_pattern_untrapped,
          uniq_sigmund, uniq_grinder
D:4:      minmay_chambers_of_threes, layout_rooms, nicolae_shop_clearance
D:5:      layout_gridville, minmay_temple_entry_waves
D:6:      layout_basic, mainiacjoe_overflow_chevrons,
          mainiacjoe_overflow_alcove_4, enter_ossuary_2,
          minmay_chambers_of_fives, uniq_pikel, uniq_eustachio, uniq_maggie
D:7:      layout_basic, chequers_temple_overflow_statue_of_worship,
          mainiacjoe_overflow_swirl
D:8:      layout_loops_ring, mainiacjoe_overflow_boulevard,
          biasface_ghost_orc_armoury
D:9:      layout_stronghold, erik_orc_3, ebering_ghost_funeral_grove,
          kennysheep_small_circle

Skill      XL: |  1  2  3  4  5  6  7  8  9 10 11 |
---------------+----------------------------------+-----
Invocations    | 1 2 3 4 5 6 |  6.6
Long Blades    | 1 2 3 4 5 6 |  6.0
Axes           | 1 2 3 4 5 6 |  6.0
Maces & Flails | 1 2 3 4 5 6 |  6.0
Polearms       | 1 2 3 4 5 6 |  6.0
Staves         | 1 2 3 4 5 6 |  6.0
Slings         | 1 2 3 4 5 6 |  6.0
Bows           | 1 2 3 4 5 6 |  6.0
Crossbows      | 1 2 3 4 5 6 |  6.0
Throwing       | 1 2 3 4 5 6 |  6.0
Dodging        | 1 2 3 4 5 6 |  6.0
Stealth        | 1 2 3 4 5 6 |  6.0
Unarmed Combat | 1 2 3 4 5 6 |  6.0
Spellcasting   | 1 2 3 4 5 6 |  6.0
Evocations     | 1 2 3 4 5 6 |  6.0
Conjurations   | 1 2 3 4 5 |  5.0
Hexes          | 1 2 3 4 5 |  5.0
Summonings     | 1 2 3 4 5 |  5.0
Necromancy     | 1 2 3 4 5 |  5.0
Translocations | 1 2 3 4 5 |  5.0
Transmutations | 1 2 3 4 5 |  5.0
Fire Magic     | 1 2 3 4 5 |  5.0
Ice Magic      | 1 2 3 4 5 |  5.0
Air Magic      | 1 2 3 4 5 |  5.0
Earth Magic    | 1 2 3 4 5 |  5.0
Poison Magic   | 1 2 3 4 5 |  5.0
Short Blades   | 5 6 7 |  7.7
Fighting       | 7 8 9 |  9.0
Armour         | 7 8 9 |  9.0
Shields        | 7 8 9 |  9.0

Action                   |  1- 3 |  4- 6 |  7- 9 | 10-12 || total
-------------------------+-------+-------+-------+-------++-------
Melee: Rapier            |    52 |       |       |       ||    52
       Bite              |    10 |    18 |    30 |    49 ||   107
       Dagger            |    58 |   159 |   391 |   402 ||  1010
Throw: Dart              |       |       |       |     1 ||     1
  Use: Scroll            |       |       |       |     1 ||     1
Armor: Scale mail        |    42 |    43 |   144 |    90 ||   319
Dodge: Dodged            |    25 |    46 |    98 |    85 ||   254
       Repelled          |       |       |       |     2 ||     2
Block: Kite shield       |    51 |    95 |   287 |   249 ||   682
